 Dungeon Crawl Stone Soup version 0.29.1-15-g9cfb28693d (webtiles) character file.

Game seed: 4705389647597060832

2414 EarthwalkerPL the Blocker (level 9, -2/72 HPs)
             Began as a Formicid Fighter on Mar 13, 2023.
             Was a Believer of Okawaru.
             Slain by a swamp worm (5 damage)
             ... on level 8 of the Dungeon.
             The game lasted 00:17:21 (5758 turns).

EarthwalkerPL the Blocker (Formicid Fighter)        Turns: 5758, Time: 00:17:22

Health: -2/72      AC:  8    Str: 26    XL:     9   Next: 76%
Magic:  9/9        EV: 10    Int:  7    God:    Okawaru [**....]
Gold:   240        SH:  6    Dex: 13    Spells: 8/8 levels left

rFire   + . .      SeeInvis +   y - +2 broad axe (drain)
rCold   . . .      Faith    .   c - +0 buckler
rNeg    . . .      Spirit   .   h - +3 leather armour
rPois   .          Reflect  .   (helmet unavailable)
rElec   .          Harm     .   (no cloak)
rCorr   .          Rampage  .   E - +0 pair of gloves
Will    .....                   (no boots)
Stlth   +.........              f - amulet of regeneration
HPRegen 1.02/turn               C - ring of protection from fire
MPRegen 0.11/turn               (no ring)

@: very slow
A: permanent stasis, dig shafts and tunnels, antennae 3, four strong arms
a: Dig, Shaft Self, Renounce Religion, Heroism


You were on level 8 of the Dungeon.
You worshipped Okawaru.
Okawaru was pleased with you.
You visited 2 branches of the dungeon, and saw 9 of its levels.
You also visited: Sewer.

You collected 415 gold pieces.
You spent 175 gold pieces at shops.

Inventory:

Hand Weapons
 a - a +0 war axe
 y - a +2 broad axe of draining (weapon)
 A - a +0 battleaxe
Missiles
 n - 7 boomerangs
 D - 9 poisoned darts (quivered)
 J - a curare-tipped dart
Armour
 b - a +0 scale mail
 c - a +0 buckler (worn)
 g - a +0 troll leather armour {Pargi}
 h - a +3 leather armour (worn)
 E - a +0 pair of gloves (worn)
 F - a +0 plate armour
Jewellery
 f - an amulet of regeneration (around neck)
 C - a ring of protection from fire (left hand)
 H - an amulet of faith
Wands
 r - a wand of mindburst (16)
 s - a wand of charming (8)
Scrolls
 e - 4 scrolls of butterflies
 i - 2 scrolls of enchant weapon
 l - 5 scrolls of teleportation
 o - 6 scrolls of poison
 q - 4 scrolls of fear
 v - 3 scrolls of vulnerability
 x - a scroll of amnesia {unknown}
 B - a scroll of enchant armour {unknown}
 G - a scroll of blinking {unknown}
 I - a scroll of immolation {unknown}
Potions
 d - a potion of might
 j - 6 potions of heal wounds {unknown}
 k - 2 potions of invisibility {unknown}
 m - 2 potions of curing {unknown}
 p - a potion of cancellation {unknown}
 t - 2 potions of haste {unknown}
 u - a potion of mutation {unknown}
 w - a potion of degeneration {unknown}
 z - a potion of ambrosia {unknown}


   Skills:
 * Level 7.6 Fighting
 * Level 6.5 Axes
 * Level 7.6 Armour
 * Level 9.1 Shields


You had 8 spell levels left.
You didn't know any spells.
Your spell library contained the following spells:

 Spells                   Type           Power      Damage    Failure   Level
 Magic Dart               Conj           0%         1d3       52%         1
 Sandblast                Erth           0%         2d4       52%         1
 Passwall                 Tmut/Erth      0%         N/A       67%         2
 Poisonous Vapours        Pois/Air       0%         N/A       67%         2
 Gell's Gravitas          Tloc           0%         N/A       88%         3
 Ignite Poison            Fire/Tmut/Pois 0%         N/A       88%         3
 Lesser Beckoning         Tloc           0%         N/A       88%         3
 Mephitic Cloud           Conj/Pois/Air  0%         N/A       88%         3
 Stone Arrow              Conj/Erth      0%         3d7       88%         3
 Teleport Other           Tloc           0%         N/A       88%         3
 Corpse Rot               Necr/Pois/Air  0%         N/A       99%         4
 Freezing Cloud           Conj/Ice/Air   0%         6-21      100%        5
 Dispersal                Tloc           0%         N/A       100%        6
 Call Imp                 Summ           Unusable   N/A       N/A         2

Dungeon Overview and Level Annotations

Branches:
Dungeon (8/15)             Temple (1/1) D:6           Sewer (visited)
   Lair: D:8-11

Altars:
Ashenzari
Cheibriados
Dithmenos
Elyvilon
Fedhas
Gozag
Hepliaklqana
Makhleb
Nemelex Xobeh
Okawaru
Qazlal
Sif Muna
Uskayaw
Vehumet
Wu Jian
Xom
Yredelemnul
Zin
The Shining One
Lugonu

Shops:
D:5 *(   D:6 *

Annotations:
D:3 2 transporters, Theopeo's ghost, amateur DsGl


Innate Abilities, Weirdness & Mutations

You cannot be hasted, slowed, berserked, paralysed or teleported.
You can dig through walls and to a lower floor.
You have a pair of large antennae on your head. (SInv)
Your four strong arms can wield two-handed weapons with a shield.


Message History

There is an open door here.
A bullfrog comes into view.
You slice the bullfrog!!
You kill the bullfrog!
Okawaru accepts your kill.
No target in view!
You enter the shallow water.
Moving in this stuff is going to be slow.
A swamp worm comes into view.
Found an emerald potion.
The swamp worm moves out of view.
Something bites the plant!!
The plant begins to die.
Something bites the plant!!
A swamp worm comes into view.
The swamp worm bites the plant!
A nearby plant withers and dies.
The swamp worm bites the plant!!
The plant begins to die.
The swamp worm bites the plant.
The swamp worm bites the plant!
The swamp worm bites the plant!!
The swamp worm bites the plant.
A nearby plant withers and dies.
Your unstable footing causes you to fumble your attack.
The swamp worm bites you! x2
Your unstable footing causes you to fumble your attack.
The swamp worm bites you! The swamp worm barely misses you.
The swamp worm bites you!
Okay, then.
The swamp worm attacks as you move away!
The swamp worm bites you!
* * * LOW HITPOINT WARNING * * *
The swamp worm bites you.
* * * LOW HITPOINT WARNING * * *
Unknown command.
The swamp worm attacks as you move away!
You block the swamp worm's attack.
The swamp worm fires a harpoon shot at you.
The harpoon shot hits you!
* * * LOW HITPOINT WARNING * * *
You are yanked forward by the harpoon shot.
Splash!
The swamp worm bites you.
You die...

#.# #.# #.# #.#
#######.#
...##.#~~~~~..#
##...#.~~≈~≈~~.##
##....~~~ # #~~~~##
#....~~≈ ##!###≈@~#
.....~≈# ~~~~~#Pww#
.....~~# ~~~~~~~~~#
.....~≈##~~~~~#P~~#
#>...~~~###~###≈~~#
##....~~~~###~~~~.#
##...##~~≈~≈~~...#
##'###.~~~~~#..##
#.##..######.##


You could see 2 swamp worms.

Vanquished Creatures
  Prince Ribbit (D:6)
  3 yaks
  A steam dragon (D:7)
  Duvessa (D:5)
  Pargi (Sewer)
  A black bear (D:5)
  An ogre (D:3)
  A phantom (D:4)
  4 bullfrogs
  3 kobold brigands
  2 scorpions (D:7)
  Dowan (D:5)
  A howler monkey (D:6)
  2 hounds (D:4)
  3 jellies
  2 orc priests
  A gnoll bouda (D:7)
  An iguana (D:5)
  2 orc wizards (D:7)
  3 gnolls (D:7)
  8 adders
  An ufetubus (D:6)
  A worm (D:2)
  A dart slug (D:2)
  22 orcs
  4 ball pythons
  A bat (D:1)
  2 endoplasms
  3 giant cockroaches
  13 goblins
  5 hobgoblins
  34 kobolds
  5 quokkas
  7 frilled lizards
  8 rats
150 creatures vanquished.

Vanquished Creatures (others)
  22 fungi (D:5)
  62 plants
84 creatures vanquished.

Grand Total: 234 creatures vanquished

Notes
Turn   | Place    | Note
-------+----------+-------------------------------------------
     0 | D:1      | EarthwalkerPL the Formicid Fighter began the quest for the
                  | Orb.
     0 | D:1      | Reached XP level 1. HP: 18/18 MP: 1/1
   164 | D:1      | Reached XP level 2. HP: 24/24 MP: 2/2
  1046 | D:2      | Found a faded altar of an unknown god.
  1069 | D:2      | Reached XP level 3. HP: 29/29 MP: 3/3
  1358 | D:3      | Found a transporter.
  1358 | D:3      | Noticed an orc warrior
  1360 | D:3      | Noticed Theopeo's ghost (amateur DsGl)
  1369 | D:3      | Found a transporter.
  1720 | D:3      | Noticed an ogre
  1736 | D:4      | Reached XP level 4. HP: 36/37 MP: 4/4
  1795 | D:3      | Killed an ogre
  1796 | D:3      | Reached skill level 5 in Shields
  1796 | D:3      | Reached XP level 5. HP: 42/42 MP: 5/5
  1862 | D:4      | Found a glowing drain.
  1882 | Sewer    | Entered a sewer
  1928 | Sewer    | Noticed Pargi
  1957 | Sewer    | Killed Pargi
  1958 | Sewer    | Reached XP level 6. HP: 19/49 MP: 6/6
  2306 | D:4      | Found a snail-covered altar of Cheibriados.
  2357 | D:4      | Reached XP level 7. HP: 53/55 MP: 7/7
  2463 | D:4      | Found a hide-covered altar of Uskayaw.
  2466 | D:4      | Found an iron altar of Okawaru.
  2471 | D:4      | Became a worshipper of Warmaster Okawaru
  2473 | D:4      | Found a basalt altar of Yredelemnul.
  2474 | D:4      | Found a glowing silver altar of Zin.
  2476 | D:4      | Found a shimmering altar of Xom.
  2556 | D:4      | Reached skill level 6 in Shields
  2692 | D:4      | Reached skill level 5 in Fighting
  2692 | D:4      | Reached skill level 5 in Armour
  2994 | D:5      | Entered Level 5 of the Dungeon
  3154 | D:5      | Found a shimmering blue altar of Sif Muna.
  3262 | D:5      | Found Qamek's Antique Weapon Boutique.
  3270 | D:5      | Bought a glowing broad axe for 175 gold pieces
  3366 | D:5      | Found Yvoved's Lightly-Used Armoury.
  3519 | D:5      | Noticed Dowan
  3520 | D:5      | Noticed Duvessa
  3592 | D:6      | Noticed Prince Ribbit
  3607 | D:6      | Killed Prince Ribbit
  3607 | D:6      | Reached * piety under Okawaru
  3608 | D:6      | Reached skill level 7 in Shields
  3608 | D:6      | Reached XP level 8. HP: 58/64 MP: 8/8
  3625 | D:6      | Noticed a yak
  3626 | D:6      | Noticed a yak
  3626 | D:6      | Noticed a yak
  3629 | D:6      | You fall into a shaft and drop 2 floors!
  3704 | D:7      | Found a blossoming altar of Fedhas.
  3904 | D:5      | Reached skill level 5 in Axes
  3973 | D:5      | Found a radiant altar of Vehumet.
  4050 | D:5      | Killed Duvessa
  4067 | D:5      | Killed Dowan
  4375 | D:6      | Found Beduips's Overcharged Wands.
  4497 | D:7      | Killed a yak
  4497 | D:7      | Reached ** piety under Okawaru
  4498 | D:7      | Reached XP level 9. HP: 65/71 MP: 9/9
  4520 | D:7      | Reached skill level 8 in Shields
  4554 | D:6      | Found a white marble altar of Elyvilon.
  4712 | D:6      | Found a staircase to the Ecumenical Temple.
  4919 | Temple   | Entered the Ecumenical Temple
  5485 | D:7      | Reached skill level 9 in Shields
  5567 | D:7      | Found a sparkling altar of Nemelex Xobeh.
  5758 | D:8      | HP: 3/72 [swamp worm/harpoon shot (12)]
  5758 | D:8      | Slain by a swamp worm

Illustrated notes

Levels and vault maps discovered:
D:1:      minmay_arrival_nine_rooms, layout_basic, kennysheep_decorative_pillar
D:2:      layout_rooms, shapermc_ecumenical_altar_starsandcircs
D:3:      layout_basic, gammafunk_ghost_arena, chequers_serial_rivers_small_3,
          minmay_ogre_servants
D:4:      kennysheep_kobold_camp, layout_gridville, cheibriados_altar_1,
          minitemple, portal_sewer_entry_a, minmay_misc_feat_alley
D:5:      layout_loops_ring, led_sif_pool, mainiacjoe_overflow_chevrons,
          serial_shops, nicolae_shop_hallway_stairs, serial_bayou_pond_e,
          minmay_shop_damaged, uniq_duvessa
D:6:      layout_loops_ring, nicolae_elyvilon_peaceful_grove,
          minmay_temple_entry_crystal_x, nicolae_shop_overcharged_wands,
          uniq_prince_ribbit1
D:7:      layout_gridville, chequers_temple_overflow_statue_of_worship
D:8:      layout_loops_corners, trog_hazing_becter, worms_lemuel
Temple:   corrupted_temple

Skill      XL: |  1  2  3  4  5  6  7  8  9 |
---------------+----------------------------+-----
Fighting       | 4 5 6 7 |  7.6
Axes           | 3 4 5 6 |  6.5
Armour         | 4 5 6 7 |  7.6
Shields        | 5 7 9 |  9.1

Action                   |  1- 3 |  4- 6 |  7- 9 || total
-------------------------+-------+-------+-------++-------
Melee: War axe           |    92 |    93 |    91 ||   276
       Broad axe         |       |       |   168 ||   168
Throw: Boomerang         |       |       |    11 ||    11
       Dart              |       |       |    18 ||    18
 Abil: Shaft Self        |       |       |     1 ||     1
  Use: Scroll            |     4 |       |     2 ||     6
Armor: Scale mail        |    15 |       |       ||    15
       Leather armour    |    25 |    50 |   105 ||   180
Dodge: Dodged            |    44 |    69 |   149 ||   262
Block: Buckler           |    13 |    44 |    87 ||   144
